AoeStats
← alecsmonti

Black Forest

510075974Analyzed
4v4 RM · 2d ago on Sep 29, 2026· 61m 10s· 8 players
Game mode
Random Map
Map size
Large (8 player)
Population
200
Speed
Normal
Resources
Standard
Victory
Conquest
Starting age
Dark Age
Ending age
Imperial Age
RankedLock teamsTeams togetherTeam positionsShared explorationLock speedFull tech treeHidden civsTurbo modeCheats
Victory
Defeat
🇷🇺 Hindustanis · Russia
895
+9
🇲🇾 Persians · Malaysia
849
+11
🇻🇳 Danes · Vietnam
773
+14
🇹🇼 Bohemians · Taiwan
667
+17
🇺🇦 Teutons · Ukraine
754
-14
🇹🇷 Turks · Türkiye
722
-13
🇨🇿 Byzantines · Czechia
722
-13
🇮🇹 Maya · Italy
690
-11
Dmitry Petrovich
19:52 Loom
21:43 Feudal Age
23:57 Horse Collar
24:25 Double-Bit Axe
27:34 Castle Age
26:18 Gold Mining
26:21 Stone Mining
30:24 Fletching
30:35 Padded Archer Armor
31:03 Husbandry
31:19 Caravan
31:49 Coinage
31:55 Murder Holes
32:11 Fortified Wall
32:23 Ballistics
39:06 Imperial Age
36:22 Treadmill Crane
36:54 Heavy Plow
49:29 Imperial Age
47:39 Wheelbarrow
46:50 Town Watch
50:17 Arrowslits
50:43 Masonry
50:10 Elite Janissary
54:07 Bodkin Arrow
57:08 Leather Archer Armor
57:32 Bracer
alecsmonti
0:58 Loom
15:35 Feudal Age
17:57 Wheelbarrow
18:13 Town Watch
18:21 Gold Mining
18:22 Stone Mining
18:56 Stone Mining
20:21 Fletching
21:29 Padded Archer Armor
22:45 Horse Collar
22:58 Double-Bit Axe
27:13 Castle Age
28:03 Thumb Ring
28:51 Heavy Plow
32:28 Bodkin Arrow
32:53 Leather Archer Armor
33:31 Bow Saw
34:19 Stone Shaft Mining
35:36 Hand Cart
35:51 Ballistics
35:23 Guard Tower
35:18 Treadmill Crane
38:00 Masonry
38:11 Fortified Wall
39:39 Murder Holes
40:25 Town Patrol
45:57 Imperial Age
46:55 Elite Plumed Archer
47:56 Conscription
49:34 Architecture
50:12 Chemistry
50:32 Bracer
51:07 Ring Archer Armor
Kedrgda
0:43 Loom
12:40 Feudal Age
13:39 Arson
14:18 Double-Bit Axe
18:08 Horse Collar
24:15 Castle Age
23:55 Gold Mining
23:56 Stone Mining
26:07 Bow Saw
26:00 Heavy Plow
25:33 Elite Skirmisher
28:29 Padded Archer Armor
28:20 Fletching
30:07 Leather Archer Armor
29:48 Bodkin Arrow
He
0:29 Loom
12:02 Feudal Age
12:47 Double-Bit Axe
22:59 Castle Age
21:18 Stone Mining
21:26 Horse Collar
22:01 Gold Mining
25:57 Stone Shaft Mining
33:16 Imperial Age
31:23 Wheelbarrow
30:40 Town Watch
31:16 Heavy Plow
31:38 Bloodlines
32:15 Fortified Wall
33:41 Bow Saw
33:57 Cavalier
34:57 Masonry
35:20 Hand Cart
37:33 Crop Rotation
38:06 Two-Man Saw
37:40 Forging
37:36 Scale Barding Armor
38:38 Caravan
39:23 Iron Casting
39:13 Conscription
39:03 Paladin
40:28 Chain Barding Armor
39:59 Fletching
43:21 Plate Barding Armor
43:47 Blast Furnace
42:43 Bodkin Arrow
43:13 Scale Mail Armor
44:34 Elite Teutonic Knight
47:40 Siege Engineers
47:56 Ballistics
48:31 Crenellations
48:29 Chain Mail Armor
Blues_1111
0:46 Loom
17:37 Feudal Age
18:07 Double-Bit Axe
25:14 Castle Age
23:13 Horse Collar
24:36 Gold Mining
25:50 Bow Saw
26:17 Heavy Plow
31:51 Gold Shaft Mining
34:10 Stone Mining
35:34 Stone Shaft Mining
36:31 Wheelbarrow
35:39 Light Cavalry
36:19 Husbandry
36:35 Bloodlines
36:33 Scale Barding Armor
36:20 Fletching
42:55 Imperial Age
40:57 Chain Barding Armor
40:32 Bodkin Arrow
41:20 Crossbowman
42:06 Thumb Ring
42:06 Kamandaran
42:31 Onager
43:33 Hussar
44:36 Conscription
49:45 Plate Barding Armor
52:51 Squires
VN_ChimLeLe
12:34 Feudal Age
13:58 Double-Bit Axe
17:01 Castle Age
14:59 Stone Mining
23:53 Horse Collar
28:48 Heavy Plow
28:44 Gold Mining
31:00 Caravan
34:12 Imperial Age
32:56 Wheelbarrow
33:20 Loom
33:55 Scale Mail Armor
34:05 Forging
34:04 Scale Barding Armor
34:51 Gold Shaft Mining
35:04 Hand Cart
35:24 Squires
36:26 Conscription
37:42 Chemistry
37:40 Chain Mail Armor
38:00 Iron Casting
38:00 Bow Saw
39:29 Hamask
40:38 Ballistics
42:39 Plate Mail Armor
43:13 Blast Furnace
44:00 Elite Jomsviking
46:56 Coinage
46:08 Northmen's Fury
46:33 Elite Varangian Guard
48:21 Banking
48:53 Onager
53:09 Murder Holes
53:08 Siege Onager
Test
0:36 Loom
10:35 Feudal Age
17:32 Castle Age
15:53 Double-Bit Axe
16:27 Horse Collar
18:33 Bow Saw
19:44 Heavy Plow
32:54 Imperial Age
31:17 Wheelbarrow
30:33 Elite Skirmisher
32:38 Chemistry
31:58 Ballistics
32:17 Hand Cart
32:20 Padded Archer Armor
32:11 Fletching
34:58 Two-Man Saw
34:52 Conscription
34:38 Wagenburg Tactics
35:04 Leather Archer Armor
34:44 Bodkin Arrow
35:35 Houfnice
37:53 Siege Engineers
37:23 Pikeman
38:04 Squires
37:49 Arson
38:38 Ring Archer Armor
38:09 Bracer
38:09 Scale Mail Armor
39:59 Halberdier
41:46 Chain Mail Armor
41:42 Forging
43:34 Plate Mail Armor
53:45 Iron Casting
53:23 Fortified Wall
53:34 Bombard Tower
55:32 Elite Hussite Wagon
56:18 Hussite Reforms
58:15 Blast Furnace
57:21 Scale Barding Armor
57:33 Masonry
57:09 Arrowslits
58:59 Sappers
61:26 Sanctity
61:27 Heresy
61:42 Theocracy
61:03 Herbal Medicine
61:33 Illumination
61:24 Block Printing
61:19 Fervor
61:10 Atonement
61:20 Redemption
61:10 Devotion
HoLeeFuk
0:33 Loom
12:40 Feudal Age
17:43 Castle Age
19:30 Double-Bit Axe
20:31 Horse Collar
24:21 Heavy Plow
27:52 Wheelbarrow
29:08 Gold Mining
29:54 Bow Saw
29:36 Town Watch
31:59 Hand Cart
33:04 Town Patrol
35:55 Imperial Age
34:25 Coinage
33:56 Caravan
34:29 Husbandry
34:40 Bloodlines
34:57 Scale Barding Armor
34:53 Scale Mail Armor
35:05 Forging
36:14 Chain Barding Armor
35:59 Heavy Camel Rider
38:17 Conscription
39:36 Banking
41:11 Gold Shaft Mining
40:26 Imperial Camel Rider
41:13 Siege Elephant
45:12 Two-Man Saw
45:48 Chain Mail Armor
46:09 Plate Barding Armor
46:10 Iron Casting
46:15 Fortified Wall
46:26 Ballistics
47:07 Chemistry
46:01 Stone Mining
48:49 Stone Shaft Mining
51:42 Grand Trunk Road
56:55 Shatagni
61:05 Spies/Treason
Connection lost

Rejoining the realm…

Still unreachable

The connection could not be restored.

Session expired

The server has moved on; the page needs a fresh start.